 Dungeon Crawl Stone Soup version 0.29-a0-304-gb34f9e133a (webtiles) character file.

Game seed: 6479333355117649138

38 kae the Firebug (level 3, 0/17 (20) HPs)
             Began as a Tengu Fire Elementalist on Mar 26, 2022.
             Slain by Terence
             ... wielding a +1 mace of draining
              (3 damage)
             ... on level 2 of the Dungeon.
             The game lasted 00:01:29 (1236 turns).

kae the Firebug (Tengu Fire Elementalist)           Turns: 1236, Time: 00:01:30

HP:   0/17 (20)     AC:  2    Str:  8    XL:     3   Next: 43%
MP:   4/7           EV: 12    Int: 17    God:
Gold: 82            SH:  0    Dex: 14    Spells: 0/6 levels left

rFire   . . .      SeeInvis .   d - +0 dagger
rCold   . . .      Faith    .   (no shield)
rNeg    . . .      Spirit   .   a - +0 robe
rPois   .          Reflect  .   (helmet restricted)
rElec   .          Harm     .   (no cloak)
rCorr   .          Rampage  .   (no gloves)
Will    .....                   (boots unavailable)
Stlth   ++........              (no amulet)
HPRegen 0.05/turn               (no ring)
MPRegen 0.10/turn               (no ring)

@: heavily drained
A: beak, talons 3
a: no special abilities


You were on level 2 of the Dungeon.
You visited 1 branch of the dungeon, and saw 2 of its levels.

You collected 82 gold pieces.

Inventory:

Hand Weapons
 d - a +0 dagger (weapon)
Armour
 a - a +0 robe (worn)
Scrolls
 f - a scroll of identify {unknown}
 g - a scroll of teleportation {unknown}
 h - a scroll of magic mapping {unknown}
Potions
 b - a potion of magic
 c - a potion of mutation {unknown}
 e - 5 potions of curing {unknown}


   Skills:
 + Level 0.7 Fighting
 + Level 0.9 Armour
 + Level 2.5 Dodging
 - Level 2.0 Stealth
 + Level 2.2 Spellcasting
 + Level 1.9 Conjurations
 * Level 3.8 Fire Magic


You couldn't memorise any spells.
You knew the following spells:

 Your Spells              Type           Power      Damage    Failure   Level
a - Foxfire               Conj/Fire      44%        2x1d6     6%          1
b - Scorch                Fire           30%        2d6       6%          2
c - Conjure Flame         Conj/Fire      11%        6-21      17%         3

Your spell library contained the following spells:

 Spells                   Type           Power      Damage    Failure   Level
 Inner Flame              Hex/Fire       8%         N/A       26%         3
 Flame Wave               Conj/Fire      11%        2d5       50%         4


Dungeon Overview and Level Annotations

Branches:
Dungeon (2/15)

Altars:

Annotations:
D:2 Terence


Innate Abilities, Weirdness & Mutations

You have a beak for a mouth.
You have claws for feet.


Message History

You conjure some foxfire!
The ball python hisses angrily.
The foxfire hits the hobgoblin.
The hobgoblin is moderately wounded.
The foxfire hits the hobgoblin but does no damage.
The hobgoblin is moderately wounded.
Casting: Foxfire (safe; 6% risk of failure)
Confirm with . or Enter, or press ? or * to list all spells.
You miscast Foxfire.
You are very lightly contaminated with residual magic.
Nothing appears to happen.
Terence the Incautious comes into view.
He is wielding a +1 mace of draining.
Casting: Foxfire (safe; 6% risk of failure)
Confirm with . or Enter, or press ? or * to list all spells.
You conjure some foxfire!
Terence shouts!
The foxfire hits the hobgoblin.
The hobgoblin is severely wounded.
The foxfire hits the hobgoblin.
You kill the hobgoblin!
Casting: Foxfire (safe; 6% risk of failure)
Confirm with . or Enter, or press ? or * to list all spells.
You conjure some foxfire!
The foxfire hits the ball python.
You kill the ball python!
The foxfire hits Terence but does no damage.
Terence bares his teeth.
Terence hits you with a +1 mace of draining.
You feel drained. Terence attacks as you move away!
Terence hits you with a +1 mace of draining.
You feel drained.
Your magical contamination has completely faded away.
Terence attacks as you move away! Terence misses you.
Terence says, "You're history."
Terence attacks as you move away!
Terence hits you with a +1 mace of draining!
* * * LOW HITPOINT WARNING * * *
You feel drained.
You die...

#...##.# #...# ##.....# #...#
#.###.# #.(.######## #.#
#.#####...)......#
#.###.........######.#
#...#.##...#.## #.# ###
###.#.#......# ##.## #...#
#####..........######...###......
................@@.....†...#
###.#.....<.÷...#####...##.#
##.##.#.)÷......# ##.## §#
......#..#.[.#..# #.# §#
##.##.#.....##..# #.# g#
###.#.......##.. #.. .. #
##............ ### .. #
####.###.###. ## . ... ..


You could see Terence.

Vanquished Creatures
  A dart slug (D:2)
  2 ball pythons
  5 bats
  4 endoplasms (D:1)
  3 giant cockroaches
  4 goblins
  A hobgoblin (D:2)
  2 quokkas (D:1)
  3 frilled lizards (D:1)
  5 kobolds
  3 rats
33 creatures vanquished.

Vanquished Creatures (others)
  79 foxfires
79 creatures vanquished.

Grand Total: 112 creatures vanquished

Notes
Turn   | Place    | Note
-------+----------+-------------------------------------------
     0 | D:1      | kae the Tengu Fire Elementalist began the quest for the
                  | Orb.
     0 | D:1      | Reached XP level 1. HP: 10/10 MP: 4/4
   245 | D:1      | Reached XP level 2. HP: 15/15 MP: 3/6
   788 | D:1      | Reached XP level 3. HP: 20/20 MP: 4/7
   791 | D:1      | Learned a level 2 spell: Scorch
   795 | D:1      | Learned a level 3 spell: Conjure Flame
   819 | D:1      | Found a faded altar of an unknown god.
  1226 | D:2      | Noticed Terence
  1236 | D:2      | Slain by Terence

Illustrated notes

Levels and vault maps discovered:
D:1:      lemuel_arrival_cross, layout_rooms,
          shapermc_ecumenical_altar_acropolis, kennysheep_doodads
D:2:      layout_loops_ring, minmay_split_cup_small, uniq_jessica, uniq_terence,
          uniq_robin

Action                   || total
-------------------------++-------
Melee: Unarmed           ||     2
       Peck              ||     2
       Dagger            ||     5
 Cast: Foxfire           ||    47
       Scorch            ||     1
 Stab: Sleeping          ||     4
Armor: Robe              ||     6
Dodge: Dodged            ||    22

Table legend: (Time is in decaauts)
 A = Elapsed time spent in this place.
 B = Non-inter-level travel time spent in this place.
 C = Inter-level travel time spent in this place.
 D = Time resting spent in this place.
 E = Time spent auto-exploring this place.
 F = Levels seen in this place.
 G = Mean time per level.
                   A        B        C        D        E       F      G
               +--------+--------+--------+--------+--------+-----+--------+
         Total |   1235 |   1208 |     27 |      2 |    999 |   2 |  617.5 |
       Dungeon |   1235 |   1208 |     27 |      2 |    999 |   2 |  617.5 |
               +--------+--------+--------+--------+--------+-----+--------+

Top non-repeatable levels by time:
     D:1: 1006 daAuts
     D:2: 228 daAuts
